| TOP OF THE 1ST |
|
Elizabethton Twins batting - Pitching for Orem Owlz : LHP Lee Wendt
|
|
Pitching: LHP Lee Wendt
|
|
|
Batting: LHB Marshall Daul
|
0-0: Called Strike 0-1: Foul Ball, location: 2F 0-2: Foul Ball, location: 2F 0-2: Ball 1-2: Foul Ball, location: 2F 1-2: Reached on error, E3 (Groundball, 34, EV 107.5 MPH)
|
|
Batting: LHB Tomas Espino
|
0-0: Fielders Choice at 2nd, 6-4 (Groundball, 6, EV 97.5 MPH)
|
|
Batting: RHB Kevin Harris
|
0-0: Called Strike 0-1: Ground out 4-3 (Groundball, 34S, EV 63.8 MPH) Tomas Espino to second
|
|
Batting: RHB Nate Matson
|
0-0: Foul Ball, location: 2F 0-1: Ball 1-1: Foul Ball, location: 2F 1-2: Strikes out swinging
|
| Top of the 1st over - 0 runs, 0 hits, 1 error, 1 left on base; Elizabethton 0 - Orem 0 |
| BOTTOM OF THE 1ST |
|
Orem Owlz batting - Pitching for Elizabethton Twins : RHP Brian Waldrip
|
|
Pitching: RHP Brian Waldrip
|
|
|
Batting: RHB Jon Shonka
|
0-0: Ball 1-0: Foul Ball, location: 2F 1-1: Ball 2-1: Called Strike 2-2: Foul Ball, location: 2F 2-2: TRIPLE (Line Drive, 9D, EV 106.2 MPH)
|
|
Batting: RHB Dan Burkhart
|
0-0: Ball 1-0: Called Strike 1-1: Called Strike 1-2: Ball 2-2: Foul Ball, location: 2F 2-2: Ball 3-2: 2-RUN HOME RUN (Flyball, 7LD, EV 93.8 MPH), Distance : 358 ft
|
|
Batting: RHB Kyle Gray
|
0-0: SINGLE (Flyball, 5D, EV 92.5 MPH)
|
|
Batting: RHB Peter Westover
|
0-0: Called Strike 0-1: Ball 1-1: Fielders Choice at 2nd, 6-4 (Groundball, 56, EV 88.8 MPH)
|
|
Batting: RHB Ricky Mejicanos
|
0-0: Ball 1-0: Ball 2-0: Called Strike 2-1: Ball 3-1: Fielders Choice at 2nd, 5-4 (Groundball, 5, EV 104.4 MPH)
|
|
Batting: RHB Nick Lombardo
|
0-0: Ball 1-0: Fly out, F8 (Flyball, 8RM, EV 90.0 MPH)
|
| Bottom of the 1st over - 2 runs, 3 hits, 0 errors, 1 left on base; Elizabethton 0 - Orem 2 |
| TOP OF THE 2ND |
|
Elizabethton Twins batting - Pitching for Orem Owlz : LHP Lee Wendt
|
|
Batting: RHB David McDonald
|
0-0: Ball 1-0: Hit by Pitch
|
|
Batting: LHB Hector Olvera
|
0-0: Ball 1-0: Ball Pickoff Throw by Catcher to First - Out! 2-0: Ball 3-0: Called Strike 3-1: Called Strike 3-2: SINGLE (Line Drive, 8RS, EV 104.4 MPH)
|
|
Batting: RHB Jeremy Witt
|
0-0: Swinging Strike 0-1: Fielders Choice at 2nd, 1-4 (Groundball, P, EV 66.9 MPH)
|
|
Batting: RHB Ton van Dijk
|
0-0: Called Strike 0-1: Ball 1-1: Foul Ball, location: 2F 1-2: Ball 2-2: Ground out 2-3 (Groundball, 2L, EV 68.8 MPH)
|
| Top of the 2nd over - 0 runs, 1 hit, 0 errors, 1 left on base; Elizabethton 0 - Orem 2 |
| BOTTOM OF THE 2ND |
|
Orem Owlz batting - Pitching for Elizabethton Twins : RHP Brian Waldrip
|
|
Batting: SHB Winikeneke Keikemamake
|
0-0: Called Strike 0-1: Ground out 4-3 (Groundball, 4D, EV 101.2 MPH)
|
|
Batting: RHB Jayden Bain
|
0-0: Fly out, F3 (Popup, 3F, EV 64.4 MPH)
|
|
Batting: RHB Trevor Kingston
|
0-0: Ball 1-0: Foul Ball, location: 2F 1-1: Called Strike 1-2: Strikes out swinging
|
| Bottom of the 2nd over - 0 runs, 0 hits, 0 errors, 0 left on base; Elizabethton 0 - Orem 2 |
| TOP OF THE 3RD |
|
Elizabethton Twins batting - Pitching for Orem Owlz : LHP Lee Wendt
|
|
Batting: LHB Marvin Shepherd
|
0-0: Foul Ball, location: 2F 0-1: Foul Ball, location: 2F 0-2: Ball 1-2: SOLO HOME RUN (Flyball, 89XD, EV 115.0 MPH), Distance : 423 ft
|
|
Batting: LHB Marshall Daul
|
0-0: Ball 1-0: Called Strike 1-1: Called Strike 1-2: Ball 2-2: Ball 3-2: Base on Balls
|
|
Batting: LHB Tomas Espino
|
0-0: Ball Marshall Daul steals 2nd, throwing error, E2 Marshall Daul to third 1-0: Ball 2-0: Foul Ball, location: 2F 2-1: Called Strike 2-2: Ball 3-2: Strikes out swinging
|
|
Batting: RHB Kevin Harris
|
0-0: Ground out 4-3 (Groundball, 4, EV 91.9 MPH) Marshall Daul scores
|
|
Batting: RHB Nate Matson
|
0-0: Called Strike 0-1: Ball 1-1: Foul Ball, location: 2F 1-2: Ball 2-2: Ball 3-2: SOLO HOME RUN (Flyball, 78XD, EV 106.9 MPH), Distance : 432 ft
|
|
Batting: RHB David McDonald
|
0-0: Ball 1-0: Ball 2-0: Ball 3-0: Called Strike 3-1: Base on Balls
|
|
Batting: LHB Hector Olvera
|
0-0: Ball 1-0: Ball David McDonald steals 2nd base 2-0: 2-RUN HOME RUN (Flyball, 89XD, EV 105.0 MPH), Distance : 407 ft
|
|
Batting: RHB Jeremy Witt
|
0-0: Ball 1-0: Called Strike 1-1: Foul Ball, location: 2F 1-2: Reached on error, E4 (Groundball, 4, EV 88.8 MPH)
|
|
Batting: RHB Ton van Dijk
|
0-0: Ball Jeremy Witt is caught stealing 2nd base 2-4
|
| Top of the 3rd over - 5 runs, 3 hits, 2 errors, 0 left on base; Elizabethton 5 - Orem 2 |
| BOTTOM OF THE 3RD |
|
Orem Owlz batting - Pitching for Elizabethton Twins : RHP Brian Waldrip
|
|
Batting: RHB Jon Shonka
|
0-0: Foul Ball, location: 2F 0-1: Called Strike 0-2: Ball 1-2: Ball 2-2: Ground out 6-3 (Groundball, 6, EV 106.2 MPH)
|
|
Batting: RHB Dan Burkhart
|
0-0: Ball 1-0: Ball 2-0: Ball 3-0: Base on Balls
|
|
Batting: RHB Kyle Gray
|
0-0: Called Strike 0-1: Ball 1-1: Ground out 5-3 (Groundball, 56, EV 105.6 MPH) Dan Burkhart to second
|
|
Batting: RHB Peter Westover
|
0-0: Ball 1-0: Ball 2-0: Ball 3-0: Called Strike 3-1: Called Strike 3-2: SINGLE (Line Drive, 8RS, EV 98.1 MPH) Dan Burkhart to third Runner from 3rd tries for Home, throw by CF and OUT! 8-2
|
| Bottom of the 3rd over - 0 runs, 1 hit, 0 errors, 1 left on base; Elizabethton 5 - Orem 2 |
| TOP OF THE 4TH |
|
Elizabethton Twins batting - Pitching for Orem Owlz : LHP Lee Wendt
|
|
Batting: RHB Ton van Dijk
|
0-0: Ball 1-0: Fly out, F8 (Line Drive, 8LM, EV 90.0 MPH)
|
|
Batting: LHB Marvin Shepherd
|
0-0: Ball 1-0: Ball 2-0: Called Strike 2-1: Foul Ball, location: 2F 2-2: Foul Ball, location: 2F 2-2: Ball 3-2: Ground out 5-3 (Groundball, 56S, EV 69.4 MPH)
|
|
Batting: LHB Marshall Daul
|
0-0: Ball 1-0: Ball 2-0: Ball 3-0: Called Strike 3-1: Foul Ball, location: 2F 3-2: Foul Ball, location: 2F 3-2: Strikes out swinging
|
| Top of the 4th over - 0 runs, 0 hits, 0 errors, 0 left on base; Elizabethton 5 - Orem 2 |
| BOTTOM OF THE 4TH |
|
Orem Owlz batting - Pitching for Elizabethton Twins : RHP Brian Waldrip
|
|
Batting: RHB Ricky Mejicanos
|
0-0: Fly out, F7 (Line Drive, 7S, EV 104.4 MPH)
|
|
Batting: RHB Nick Lombardo
|
0-0: Hit by Pitch
|
|
Batting: SHB Winikeneke Keikemamake
|
0-0: Ball 1-0: Ball 2-0: Ball 3-0: Called Strike 3-1: Fly out, F8 (Flyball, 8RM, EV 92.5 MPH)
|
|
Batting: RHB Jayden Bain
|
0-0: Ball Nick Lombardo steals 2nd base 1-0: Ball 2-0: Called Strike 2-1: Ball 3-1: Ground out 3-1 (Groundball, 13, EV 90.0 MPH)
|
| Bottom of the 4th over - 0 runs, 0 hits, 0 errors, 1 left on base; Elizabethton 5 - Orem 2 |
| TOP OF THE 5TH |
|
Elizabethton Twins batting - Pitching for Orem Owlz : LHP Lee Wendt
|
|
Batting: LHB Tomas Espino
|
0-0: Called Strike 0-1: Ball 1-1: Ball 2-1: Foul Ball, location: 2F 2-2: Strikes out swinging
|
|
Batting: RHB Kevin Harris
|
0-0: SINGLE (Line Drive, 89S, EV 88.1 MPH)
|
|
Batting: RHB Nate Matson
|
0-0: Ball Kevin Harris is caught stealing 2nd base 2-4 1-0: Called Strike 1-1: Ball 2-1: Swinging Strike 2-2: Foul Ball, location: 2F 2-2: Foul Ball, location: 2F 2-2: Strikes out looking
|
| Top of the 5th over - 0 runs, 1 hit, 0 errors, 0 left on base; Elizabethton 5 - Orem 2 |
| BOTTOM OF THE 5TH |
|
Orem Owlz batting - Pitching for Elizabethton Twins : RHP Brian Waldrip
|
|
Batting: RHB Trevor Kingston
|
0-0: Ball 1-0: Called Strike 1-1: SINGLE (Groundball, 56S, EV 76.2 MPH) (infield hit)
|
|
Batting: RHB Jon Shonka
|
0-0: Called Strike 0-1: SINGLE (Groundball, 6S, EV 64.4 MPH) (infield hit) Trevor Kingston to second
|
|
Batting: RHB Dan Burkhart
|
0-0: Called Strike 0-1: Fly out, F8 (Flyball, 8LS, EV 88.1 MPH)
|
|
Batting: RHB Kyle Gray
|
0-0: Foul Ball, location: 2F 0-1: Swinging Strike 0-2: Grounds into double play, 5-4-3 (Groundball, 56, EV 92.5 MPH)
|
| Bottom of the 5th over - 0 runs, 2 hits, 0 errors, 1 left on base; Elizabethton 5 - Orem 2 |
| TOP OF THE 6TH |
|
Elizabethton Twins batting - Pitching for Orem Owlz : LHP Lee Wendt
|
|
Pitching: LHP Paul Griffin
|
|
|
Batting: RHB David McDonald
|
0-0: Ball 1-0: Swinging Strike 1-1: Ball 2-1: Swinging Strike 2-2: Strikes out swinging
|
|
Batting: LHB Hector Olvera
|
0-0: DOUBLE (Flyball, 8LXD, EV 110.0 MPH)
|
|
Batting: RHB Jeremy Witt
|
0-0: Ball 1-0: Foul Ball, location: 2F 1-1: Ball Wild Pitch! Hector Olvera to third 2-1: Ball 3-1: Base on Balls
|
|
Batting: RHB Ton van Dijk
|
0-0: Ball 1-0: Ball 2-0: Swinging Strike 2-1: Called Strike 2-2: Ball 3-2: Base on Balls Jeremy Witt to second
|
|
Batting: LHB Marvin Shepherd
|
0-0: Called Strike 0-1: Called Strike 0-2: Ball 1-2: Ball 2-2: Fly out, F7 (Flyball, 7, EV 84.4 MPH)
|
|
Batting: LHB Marshall Daul
|
0-0: Fly out, F8 (Flyball, 89D, EV 95.0 MPH)
|
| Top of the 6th over - 0 runs, 1 hit, 0 errors, 3 left on base; Elizabethton 5 - Orem 2 |
| BOTTOM OF THE 6TH |
|
Orem Owlz batting - Pitching for Elizabethton Twins : RHP Brian Waldrip
|
|
Batting: RHB Peter Westover
|
0-0: SOLO HOME RUN (Flyball, 7D, EV 100.0 MPH), Distance : 369 ft
|
|
Batting: RHB Ricky Mejicanos
|
0-0: Swinging Strike 0-1: Ball 1-1: Swinging Strike 1-2: Reached on error, E6 (Groundball, 6, EV 78.8 MPH)
|
|
Pitching: LHP Mark Challinor
|
|
|
Batting: RHB Nick Lombardo
|
0-0: Ball 1-0: Ball 2-0: Called Strike Ricky Mejicanos is caught stealing 2nd base 2-4 2-1: Ball 3-1: Ground out 5-3 (Groundball, 56, EV 105.6 MPH)
|
|
Batting: SHB Winikeneke Keikemamake
|
0-0: Foul Ball, location: 2F 0-1: Ball 1-1: Foul Ball, location: 2F 1-2: Ball 2-2: Ball 3-2: Ground out 4-3 (Groundball, 4M, EV 89.4 MPH)
|
| Bottom of the 6th over - 1 run, 1 hit, 1 error, 0 left on base; Elizabethton 5 - Orem 3 |
| TOP OF THE 7TH |
|
Elizabethton Twins batting - Pitching for Orem Owlz : LHP Paul Griffin
|
|
Batting: LHB Tomas Espino
|
0-0: Ball 1-0: Ball 2-0: Ball 3-0: Called Strike 3-1: Ground out 4-3 (Groundball, 4, EV 82.5 MPH)
|
|
Batting: RHB Kevin Harris
|
0-0: Foul Ball, location: 2F 0-1: Fly out, F9 (Flyball, 9, EV 95.6 MPH)
|
|
Batting: RHB Nate Matson
|
0-0: Ball 1-0: Foul Ball, location: 2F 1-1: Ball 2-1: Foul Ball, location: 2F 2-2: Foul Ball, location: 2F 2-2: Ball 3-2: Foul Ball, location: 2F 3-2: Strikes out swinging
|
| Top of the 7th over - 0 runs, 0 hits, 0 errors, 0 left on base; Elizabethton 5 - Orem 3 |
| BOTTOM OF THE 7TH |
|
Orem Owlz batting - Pitching for Elizabethton Twins : LHP Mark Challinor
|
|
Now at 1B: Kevin Harris
|
|
|
Now at 2B: David McDonald
|
|
|
Now at 3B: Jeremy Witt
|
|
|
Now at SS: Jorge Corte
|
|
|
Batting: RHB Jayden Bain
|
0-0: Ball 1-0: SINGLE (Groundball, 4MD, EV 101.2 MPH)
|
|
Batting: RHB Trevor Kingston
|
0-0: Swinging Strike 0-1: Called Strike 0-2: Strikes out swinging
|
|
Batting: RHB Jon Shonka
|
0-0: Called Strike 0-1: Ball 1-1: DOUBLE (Flyball, 89D, EV 99.4 MPH) Jayden Bain to third
|
|
Pitching: LHP Mike Horton
|
|
|
Now at 1B: Jeremy Witt
|
|
|
Now at 3B: Andrew Rich
|
|
|
Batting: RHB Dan Burkhart
|
0-0: Called Strike 0-1: Ball 1-1: Called Strike 1-2: Ball 2-2: Foul Ball, location: 2F 2-2: Ball 3-2: Foul Ball, location: 2F 3-2: Fly out, F8 (Flyball, 8LD, EV 96.2 MPH) Runner from 3rd tags up, SCORES, throw by CF
|
|
Batting: RHB Kyle Gray
|
0-0: Called Strike 0-1: Ball 1-1: Ball Passed Ball! Jon Shonka to third 2-1: Foul Ball, location: 2F 2-2: Ball 3-2: Fly out, F8 (Flyball, 8RM, EV 92.5 MPH)
|
| Bottom of the 7th over - 1 run, 2 hits, 0 errors, 1 left on base; Elizabethton 5 - Orem 4 |
| TOP OF THE 8TH |
|
Elizabethton Twins batting - Pitching for Orem Owlz : LHP Paul Griffin
|
|
Batting: RHB David McDonald
|
0-0: Ball 1-0: Called Strike 1-1: Called Strike 1-2: Ball 2-2: Strikes out swinging
|
|
Batting: LHB Hector Olvera
|
0-0: Ground out 3-1 (Groundball, 34S, EV 81.2 MPH)
|
|
Batting: RHB Jeremy Witt
|
0-0: Ball 1-0: Ball 2-0: Called Strike 2-1: Foul Ball, location: 2F 2-2: Fly out, F7 (Flyball, 7D, EV 106.2 MPH)
|
| Top of the 8th over - 0 runs, 0 hits, 0 errors, 0 left on base; Elizabethton 5 - Orem 4 |
| BOTTOM OF THE 8TH |
|
Orem Owlz batting - Pitching for Elizabethton Twins : LHP Mike Horton
|
|
Batting: RHB Peter Westover
|
0-0: Ball 1-0: Ball 2-0: Called Strike 2-1: Foul Ball, location: 2F 2-2: SOLO HOME RUN (Flyball, 7D, EV 101.9 MPH), Distance : 384 ft
|
|
Pitching: RHP Takeshi Kusanagi
|
|
|
Pinch Hitting: LHB Jamie Diebel
|
0-0: Ball 1-0: SOLO HOME RUN (Flyball, 9D, EV 98.8 MPH), Distance : 375 ft
|
|
Batting: RHB Nick Lombardo
|
0-0: Foul Ball, location: 2F 0-1: Ball 1-1: Foul Ball, location: 2F 1-2: Ball 2-2: SINGLE (Groundball, 6MD, EV 98.8 MPH)
|
|
Batting: SHB Winikeneke Keikemamake
|
0-0: Foul Ball, location: 2F 0-1: DOUBLE (Groundball, 3L, EV 95.6 MPH) Nick Lombardo to third
|
|
Batting: RHB Jayden Bain
|
0-0: Ball 1-0: Ball 2-0: Reached on error, E6 (Groundball, 6, EV 91.2 MPH) Nick Lombardo scores Winikeneke Keikemamake scores
|
|
Batting: RHB Trevor Kingston
|
0-0: Called Strike 0-1: Reached on error, E5 (Groundball, 5, EV 85.6 MPH) Jayden Bain to third
|
|
Batting: RHB Jon Shonka
|
0-0: Swinging Strike 0-1: Ball 1-1: Ball 2-1: Fielders Choice at 2nd, 5-4 (Groundball, 56, EV 106.9 MPH) Jayden Bain scores
|
|
Pitching: RHP Miguel Montelongo
|
|
|
Batting: RHB Dan Burkhart
|
0-0: Ball Jon Shonka steals 2nd base (no throw) 1-0: SINGLE (Groundball, 4MD, EV 107.5 MPH) Jon Shonka to third Runner from 3rd tries for Home, SAFE, throw by CF to home
|
|
Batting: RHB Kyle Gray
|
0-0: Foul Ball, location: 2F 0-1: 2-RUN HOME RUN (Flyball, 89XD, EV 101.2 MPH), Distance : 410 ft
|
|
Batting: RHB Peter Westover
|
0-0: Swinging Strike 0-1: Ball 1-1: Called Strike 1-2: Ball 2-2: Foul Ball, location: 2F 2-2: Foul Ball, location: 2F 2-2: Foul Ball, location: 2F 2-2: Strikes out looking
|
|
Batting: LHB Jamie Diebel
|
0-0: Ball 1-0: Foul Ball, location: 2F 1-1: Ball 2-1: Swinging Strike 2-2: Foul Ball, location: 2F 2-2: Hit by Pitch
|
|
Pitching: LHP Bryan Rouse
|
|
|
Pinch Hitting: RHB Sean Rocha
|
0-0: Foul Ball, location: 2F 0-1: Called Strike 0-2: Ball 1-2: Ball 2-2: Ball Passed Ball! Jamie Diebel to second 3-2: Foul Ball, location: 2F 3-2: DOUBLE (Line Drive, 9LM, EV 102.5 MPH) Jamie Diebel scores
|
|
Batting: SHB Winikeneke Keikemamake
|
0-0: Ball 1-0: SINGLE (Groundball, 6MD, EV 101.9 MPH) Sean Rocha to third Runner from 3rd tries for Home, SAFE, throw by CF to home Winikeneke Keikemamake to second
|
|
Batting: RHB Jayden Bain
|
0-0: Swinging Strike 0-1: Ball 1-1: Swinging Strike 1-2: Foul Ball, location: 2F 1-2: Ball 2-2: Strikes out swinging
|
| Bottom of the 8th over - 10 runs, 8 hits, 2 errors, 1 left on base; Elizabethton 5 - Orem 14 |
| TOP OF THE 9TH |
|
Elizabethton Twins batting - Pitching for Orem Owlz : LHP Paul Griffin
|
|
Now in LF: Trevor Kingston
|
|
|
Now in CF: Sean Rocha
|
|
|
Now in RF: Jamie Diebel
|
|
|
Batting: RHB Ton van Dijk
|
0-0: Called Strike 0-1: Ball 1-1: Called Strike 1-2: Ball 2-2: SINGLE (Groundball, 6MD, EV 96.2 MPH)
|
|
Batting: LHB Marvin Shepherd
|
0-0: Ball 1-0: Called Strike 1-1: Ground out U3 (Groundball, 3S, EV 73.8 MPH) Ton van Dijk to second
|
|
Pinch Hitting: RHB Steve Terrell
|
0-0: Ball 1-0: Ball 2-0: Foul Ball, location: 2F 2-1: Fly out, F7 (Flyball, 7, EV 85.0 MPH)
|
|
Batting: RHB Jorge Corte
|
0-0: Ball 1-0: Swinging Strike 1-1: Ball 2-1: Ball 3-1: Called Strike 3-2: Fly out, F8 (Flyball, 8RXD, EV 93.8 MPH)
|
| Top of the 9th over - 0 runs, 1 hit, 0 errors, 1 left on base; Elizabethton 5 - Orem 14 |
|